 Dungeon Crawl Stone Soup version 0.22.0-13-g43fe8f2 (webtiles) character file.

640 bosm the Cudgeler (level 7, -10/55 HPs)
             Began as a Formicid Transmuter on Aug 16, 2018.
             Was an Initiate of Okawaru.
             Mangled by an ogre
             ... wielding a +0 giant club
              (14 damage)
             ... on level 4 of the Dungeon.
             The game lasted 00:15:02 (6432 turns).

bosm the Cudgeler (Formicid Transmuter)             Turns: 6432, Time: 00:15:03

Health: -10/55     AC: 10    Str: 13 (16) XL:     7   Next: 80%
Magic:  10/10      EV:  6    Int: 15 (18) God:    Okawaru [......]
Gold:   255        SH:  0    Dex:  9 (11) Spells: 7/10 levels left

rFire    . . .     SeeInvis +   g - +0 mace
rCold    . . .     Gourm    .   (no shield)
rNeg     . . .     Faith    .   n - +1 chain mail
rPois    .         Spirit   .   (helmet unavailable)
rElec    .         Reflect  .   (no cloak)
rCorr    .         Harm     .   (no gloves)
MR       .....                  (no boots)
Stlth    ..........             f - amulet of the acrobat
HPRegen  0.18/turn              (no ring)
MPRegen  0.12/turn              (no ring)

@: brilliant, drained
A: permanent stasis, dig shafts and tunnels, four strong arms, antennae 3
a: Dig, Shaft Self, Renounce Religion


You were on level 4 of the Dungeon.
You worshipped Okawaru.
Okawaru was noncommittal.
You were not hungry.

You visited 2 branches of the dungeon, and saw 6 of its levels.

You collected 255 gold pieces.

Inventory:

Hand Weapons
 g - a +0 mace (weapon)
Missiles
 a - 82 arrows
 h - 23 bolts
Armour
 n - a +1 chain mail (worn)
Jewellery
 f - an amulet of the acrobat (around neck)
 p - an uncursed amulet of harm
Scrolls
 e - a scroll of enchant armour
 k - 2 scrolls of identify
 l - a scroll of fear
 m - a scroll of fog
Comestibles
 d - 7 rations


   Skills:
 + Level 4.5(4.2) Fighting
 * Level 5.2(4.9) Maces & Flails
 + Level 4.1(3.8) Armour
 - Level 1.7(1.4) Dodging
 - Level 3.0(2.7) Unarmed Combat
 - Level 2.1(1.9) Spellcasting
 - Level 2.1(1.9) Transmutations


You had 7 spell levels left.
You knew the following spells:

 Your Spells              Type           Power        Failure   Level  Hunger
a - Beastly Appendage     Tmut           ###...       28%         1    ##.....
b - Sticks to Snakes      Tmut           ###.....     38%         2    ###....

Your spell library contained the following spells:

 Spells                   Type           Power        Failure   Level  Hunger
 Spider Form              Tmut/Pois      ##........   69%         3    ####...
 Blade Hands              Tmut           ###.......   99%         5    ######.
 Ice Form                 Ice/Tmut       ##......     95%         4    #####..


Dungeon Overview and Level Annotations

Branches:
Dungeon (5/15)             Temple (1/1) D:4

Altars:
Ashenzari
Cheibriados
Dithmenos
Elyvilon
Gozag
Hepliaklqana
Kikubaaqudgha
Makhleb
Nemelex Xobeh
Okawaru
Qazlal
Ru
Sif Muna
Trog
Vehumet
Xom
Yredelemnul
Zin
The Shining One


Innate Abilities, Weirdness & Mutations

You cannot be hasted, slowed, berserked, paralysed or teleported.
You can dig through walls and to a lower floor.
Your four strong arms can wield two-handed weapons with a shield.
You have a pair of large antennae on your head. (SInv)


Message History

The ogre barely misses you.
You closely miss the ogre. The ogre hits you with a giant club!
You hit the ogre.
The ogre is moderately wounded.
The ogre hits you with a giant club!
You hit the ogre.
The ogre is moderately wounded.
The ogre hits you with a giant club!
You hit the ogre.
The ogre is moderately wounded.
You barely miss the ogre.
The ogre is moderately wounded.
The ogre hits you with a giant club.
You barely miss the ogre.
The ogre is moderately wounded.
The ogre hits you with a giant club!
* * * LOW HITPOINT WARNING * * *
Are you sure you want to shaft yourself?
You feel quite a bit more hungry. The ogre hits you with a giant club!
You die...

##.###.(.......#.####.#
##.##.#.#.......####.#
##.#.#.#.###.#....#.#
## ##..#.#
#......#.#.##.. #..#.#
#.#.#..#.#.#... #.##.#
#.#...)........ #.##.#
. #.#...#.#.#.#
#.##.#####.#..........
##.##.@O>.......#......
#....######.#...†.....!
#....# #.#...#...>..
#....# #.#..........
##.### #.#...#......
#.### .#..........
#...######.....#.#.#.#
#...........##........
#...............#.....


You could see an ogre.

Vanquished Creatures
  An ogre (D:4)
  A centaur (D:5)
  2 bullfrogs
  A hound (D:4)
  An orc wizard (D:3)
  Terence (D:3)
  A worker ant (D:4)
  8 gnolls
  8 adders
  An ooze (D:1)
  An adder skeleton (D:4)
  A worm (D:2)
  A dart slug (D:1)
  4 leopard geckos
  6 orcs
  2 ball pythons (D:1)
  10 bats
  4 giant cockroaches
  4 goblins
  8 hobgoblins
  5 jackals
  5 kobolds
  2 quokkas (D:3)
  10 frilled lizards
  5 rats
93 creatures vanquished.

Notes
Turn   | Place    | Note
-------+----------+-------------------------------------------
     0 | D:1      | bosm the Formicid Transmuter began the quest for the Orb.
     0 | D:1      | Reached XP level 1. HP: 15/15 MP: 3/3
   124 | D:1      | Reached XP level 2. HP: 11/22 MP: 5/5
   128 | D:1      | Learned a level 2 spell: Sticks to Snakes
   352 | D:1      | Reached skill level 1 in Armour
   724 | D:1      | Reached XP level 3. HP: 25/27 MP: 6/6
   735 | D:1      | Reached skill level 1 in Maces & Flails
  1441 | D:2      | Reached XP level 4. HP: 23/34 MP: 1/7
  1570 | D:2      | Noticed a bullfrog
  1587 | D:2      | Killed a bullfrog
  1587 | D:2      | Reached skill level 2 in Maces & Flails
  1587 | D:2      | Reached XP level 5. HP: 12/41 MP: 8/8
  2049 | D:2      | Reached skill level 3 in Maces & Flails
  2496 | D:2      | Reached XP level 6. HP: 42/47 MP: 9/9
  3260 | D:2      | Found a glowing golden altar of the Shining One.
  3721 | D:3      | Noticed Terence
  3755 | D:3      | Killed Terence
  3755 | D:3      | Reached skill level 4 in Maces & Flails
  4303 | D:3      | Found a glowing golden altar of the Shining One.
  4706 | D:4      | Noticed an ogre
  5400 | D:4      | Noticed an ogre
  5400 | D:4      | Noticed a phantom
  5463 | D:4      | Found a staircase to the Ecumenical Temple.
  5471 | Temple   | Entered the Ecumenical Temple
  5579 | Temple   | Became a worshipper of Warmaster Okawaru
  5745 | D:4      | Noticed a phantom
  5758 | D:4      | Reached XP level 7. HP: 45/53 MP: 10/10
  5902 | D:5      | Entered Level 5 of the Dungeon
  6099 | D:4      | Reached skill level 5 in Maces & Flails
  6432 | D:4      | Mangled by an ogre

Skill      XL: |  1  2  3  4  5  6  7 |
---------------+----------------------+-----
Fighting       | 2 3 4 |  4.5
Armour         | 1 2 3 4 |  4.1
Maces & Flails | 1 2 3 4 5 |  5.2
Dodging        | |  1.7
Unarmed Combat | |  3.0
Spellcasting   | |  2.1
Transmutations | |  2.1

Action                   |  1- 3 |  4- 6 |  7- 9 || total
-------------------------+-------+-------+-------++-------
Melee: Club              |    18 |       |       ||    18
       Mace              |    90 |   295 |    59 ||   444
       Unarmed           |     4 |       |       ||     4
       Kick              |     1 |       |       ||     1
       Punch             |     1 |     3 |     1 ||     5
 Cast: Beastly Appendage |     1 |       |       ||     1
 Abil: Dig               |       |     5 |    10 ||    15
       Shaft Self        |       |       |     1 ||     1
  Use: Potion            |       |     5 |     4 ||     9
       Scroll            |       |     9 |       ||     9
 Stab: Sleeping          |     1 |       |       ||     1
  Eat: Chunk             |     2 |    12 |     1 ||    15
       Ration            |       |     1 |     1 ||     2
Armor: Robe              |    24 |       |       ||    24
       Scale mail        |    45 |    70 |       ||   115
       Chain mail        |       |    83 |    45 ||   128
       Skin              |       |    16 |       ||    16
Dodge: Dodged            |   114 |   152 |    33 ||   299
